 Dungeon Crawl Stone Soup version 0.30-a0-782-ge64f9170bb (webtiles) character file.

Game seed: 15302499056397262585

301 Barriton the Firebug (level 6, -2/45 HPs)
             Began as a Draconian Fire Elementalist on Feb 20, 2023.
             Was an Elder of Jiyva.
             Succumbed to a water moccasin's poison
             ... on level 8 of the Dungeon.
             The game lasted 00:08:15 (3132 turns).

Barriton the Firebug (Draconian Fire Elementalist)  Turns: 3132, Time: 00:08:15

Health: -2/45      AC:  6    Str: 11    XL:     6   Next: 14%
Magic:  8/12       EV: 12    Int: 17    God:    Jiyva [****..]
Gold:   218        SH:  0    Dex: 11    Spells: 11/13 levels left

rFire   . . .      SeeInvis .    (no weapon)
rCold   . . .      Faith    .    (no shield)
rNeg    . . .      Spirit   .    (body armour unavailable)
rPois   .          Reflect  .    (helmet restricted)
rElec   .          Harm     .    d - scarf {repulsion}
rCorr   +          Rampage  .    (no gloves)
Will    .....                    (no boots)
Stlth   ++                       (no amulet)
HPRegen 1.55/turn                (no ring)
MPRegen 0.53/turn                (no ring)

@: lethally poisoned (-2 -> -6), invisible, repel missiles
A: AC +6, unfitting armour, cold-blooded, stinger 3, acidic bite
a: Renounce Religion, Oozemancy, Slimify


You were on level 8 of the Dungeon.
You worshipped Jiyva.
Jiyva was greatly pleased with you.
You visited 1 branch of the dungeon, and saw 6 of its levels.

You collected 218 gold pieces.

Inventory:

Missiles
 j - a throwing net
Armour
 d - a scarf of repulsion (worn)
Scrolls
 b - a scroll of amnesia
 c - a scroll of teleportation
Potions
 e - a potion of might
 f - a potion of ambrosia
 g - a potion of brilliance
 k - a potion of haste


   Skills:
 + Level 0.1 Fighting
 + Level 2.1 Dodging
 + Level 2.1 Stealth
 + Level 0.4 Unarmed Combat
 + Level 4.3 Spellcasting
 + Level 1.2 Conjurations
 + Level 4.9 Fire Magic


You had 11 spell levels left.
You knew the following spells:

 Your Spells              Type           Power      Damage    Failure   Level
b - Scorch                Fire           40%        2d7       3%          2

Your spell library contained the following spells:

 Spells                   Type           Power      Damage    Failure   Level
 Foxfire                  Conj/Fire      56%        2x1d6     4%          1
 Inner Flame              Hex/Fire       12%        N/A       17%         3
 Ignite Poison            Fire/Tmut/Pois 9%         N/A       24%         3
 Kindle Blastsparks       Fire/Tloc/Air  18%        2d11      24%         3
 Flame Wave               Conj/Fire      14%        2d6       41%         4
 Sticky Flame             Conj/Fire      14%        2d4       41%         4
 Ignition                 Fire           10%        3d5       100%        8


Dungeon Overview and Level Annotations

Branches:
Dungeon (5/15)               Lair (0/5) D:8
 Temple: D:4-7

Altars:
Ru
Jiyva

Shops:
D:3 =

Annotations:
D:4 2 transporters, HoaS's ghost, amateur DgHu


Innate Abilities, Weirdness & Mutations

Your plain brown scales are hard. (AC +6)
You cannot fit into any form of body armour.
You are cold-blooded and may be slowed by cold attacks.
Your tail ends in a wickedly sharp and venomous barb.
You have acidic saliva.


Message History

The bullfrog is heavily wounded.
The bullfrog's fire resistance burns away.
You feel sick.
A nearby fungus withers and dies.
The water moccasin bites you.
Casting: Scorch (safe; 3% risk of failure)
Confirm with . or Enter, or press ? or * to list all spells.
Flames lash the water moccasin.
The water moccasin is burned terribly!
You kill the water moccasin!
You feel sick.
You hear a loud, deep croak!
The water moccasin bites you.
You are more poisoned.
The water moccasin poisons you!
Your Spellcasting skill increases to level 4!
You have reached level 6!
Your scales feel tougher.
Casting: Scorch (safe; 3% risk of failure)
Confirm with . or Enter, or press ? or * to list all spells.
Flames lash the bullfrog.
The bullfrog is moderately wounded.
The bullfrog's fire resistance burns away.
You feel very sick.
The water moccasin is no longer more vulnerable to fire.
The water moccasin bites you!
* * * LOW HITPOINT WARNING * * *
The water moccasin closely misses you.
You hear a distant slurping noise.
It was a potion of cancellation.
You feel magically purged.
You feel very sick.
A bullfrog comes into view.
The water moccasin bites you.
* * * LOW HITPOINT WARNING * * *
You are lethally poisoned!
The water moccasin poisons you!
You fade into invisibility!
* * * LOW HITPOINT WARNING * * *
You feel very sick. The water moccasin closely misses you.
The water moccasin bites you.
* * * LOW HITPOINT WARNING * * *
A yak comes into view.
You die... #P....P....P.K #.P.F.PPPP.P

#hKY...PK.
##YS.P....
#F####### #F#
#S# #.# #@#
#.#############
#.#............
#......########
###.##.# #.##.#
#.##.# #.##.#
#.##.#


You could see 2 yaks, 2 water moccasins, a black bear (unable to see you), 3
bullfrogs and a kobold (unable to see you).

Vanquished Creatures
  A water moccasin (D:8)
  A howler monkey (D:4)
  A hound (D:4)
  Jessica (D:3)
  3 gnolls (D:3)
  2 adders (D:3)
  A worm (D:4)
  A dart slug (D:1)
  6 ball pythons
  4 bats
  8 endoplasms
  A goblin (D:1)
  4 hobgoblins
  7 jackals
  5 kobolds
  4 quokkas (D:1)
  2 frilled lizards
  3 rats (D:1)
55 creatures vanquished.

Vanquished Creatures (others)
  2 gnolls (D:8)
  A bat (D:2)
  A jackal (D:4)
  A kobold (D:4)
  36 foxfires (D:1)
  10 fungi (D:8)
  14 plants (D:8)
65 creatures vanquished.

Grand Total: 120 creatures vanquished

Notes
Turn   | Place    | Note
-------+----------+-------------------------------------------
     0 | D:1      | Barriton the Draconian Fire Elementalist began the quest
                  | for the Orb.
     0 | D:1      | Reached XP level 1. HP: 14/14 MP: 3/3
   274 | D:1      | Reached XP level 2. HP: 19/20 MP: 3/5
   281 | D:1      | Learned a level 2 spell: Scorch
   974 | D:1      | Reached XP level 3. HP: 26/26 MP: 0/6
  1676 | D:2      | Found a faded altar of an unknown god.
  1687 | D:2      | Prayed at the altar of an unknown god.
  1687 | D:2      | Became a worshipper of Jiyva Jasuofum the Shapeless
  1687 | D:2      | Reached * piety under Jiyva
  2131 | D:3      | Found Xampygad's Jewellery Shoppe.
  2154 | D:3      | Reached XP level 4. HP: 33/33 MP: 3/8
  2311 | D:3      | Reached ** piety under Jiyva
  2315 | D:3      | Noticed Jessica
  2320 | D:3      | Killed Jessica
  2639 | D:4      | Reached *** piety under Jiyva
  2725 | D:4      | Reached XP level 5. HP: 38/38 MP: 5/10
  2826 | D:4      | Gained mutation: Your tail ends in a venomous barb.
                  | [Jiyva's grace]
  2826 | D:4      | Gained mutation: Your tail ends in a sharp venomous barb.
                  | [Jiyva's grace]
  2826 | D:4      | Gained mutation: Your tail ends in a wickedly sharp and
                  | venomous barb. [Jiyva's grace]
  2826 | D:4      | Gained mutation: You have acidic saliva. [Jiyva's grace]
  2887 | D:4      | Found a transporter.
  2918 | D:4      | Noticed HoaS's ghost (amateur DgHu)
  2946 | D:4      | Reached **** piety under Jiyva
  2957 | D:4      | Found a sacrificial altar of Ru.
  3015 | D:4      | Found a transporter.
  3088 | D:5      | Entered Level 5 of the Dungeon
  3092 | D:5      | You fall into a shaft and drop 3 floors!
  3109 | D:8      | Noticed a water moccasin
  3111 | D:8      | Noticed a water moccasin
  3112 | D:8      | Found a staircase to the Lair.
  3112 | D:8      | Noticed a yak
  3113 | D:8      | Noticed a black bear
  3124 | D:8      | Noticed a water moccasin
  3124 | D:8      | Noticed a yak
  3128 | D:8      | Killed a water moccasin
  3129 | D:8      | Reached XP level 6. HP: 21/45 MP: 7/12
  3131 | D:8      | HP: 2/45 [poisoned by a water moccasin]
  3131 | D:8      | Noticed a yak
  3132 | D:8      | Succumbed to a water moccasin's poison

Illustrated notes

Levels and vault maps discovered:
D:1:      minmay_arrival_stair_chambers, layout_basic, minmay_pentomino_p2
D:2:      layout_loops_ring, hellmonk_ecumenical_altar_run_dry
D:3:      layout_rooms, serial_shops, shop, serial_park_tiny_pond, uniq_jessica
D:4:      layout_gridville, mainiacjoe_overflow_cross_hatched,
          gammafunk_ghost_stat_death
D:5:      layout_cave_pools, general_overflow_altar, serial_shops,
          nicolae_shop_waterfront
D:8:      layout_loops_ring, mainiacjoe_overflow_six_doors_small,
          due_lair_maze_entry_diamond

Skill      XL: |  1  2  3  4  5 |
---------------+----------------+-----
Dodging        | 2 |  2.1
Spellcasting   | 3 4 |  4.3
Stealth        | 2 |  2.1
Fire Magic     | 4 |  4.9
Fighting       | |  0.1
Unarmed Combat | |  0.4
Conjurations   | |  1.2

Action                     |  1- 3 |  4- 6 || total
---------------------------+-------+-------++-------
  Melee: Unarmed           |    64 |     2 ||    66
         Tailslap          |     6 |       ||     6
   Cast: Foxfire           |    21 |       ||    21
         Scorch            |    29 |    30 ||    59
    Use: Scroll            |     5 |     7 ||    12
         Potion            |       |     3 ||     3
 Armour: Skin              |    30 |     5 ||    35
  Dodge: Dodged            |    77 |    19 ||    96

Table legend: (Time is in decaauts)
 A = Elapsed time spent in this place.
 B = Non-inter-level travel time spent in this place.
 C = Inter-level travel time spent in this place.
 D = Time resting spent in this place.
 E = Time spent auto-exploring this place.
 F = Levels seen in this place.
 G = Mean time per level.
                   A        B        C        D        E       F      G
               +--------+--------+--------+--------+--------+-----+--------+
         Total |   3135 |   3087 |     48 |      0 |   2580 |   6 |  522.5 |
       Dungeon |   3135 |   3087 |     48 |      0 |   2580 |   6 |  522.5 |
               +--------+--------+--------+--------+--------+-----+--------+

Top non-repeatable levels by time:
     D:1: 1315 daAuts
     D:2: 760 daAuts
     D:4: 599 daAuts
     D:3: 415 daAuts
     D:8: 39 daAuts
     D:5: 3 daAuts
